 Dungeon Crawl Stone Soup version 0.30.1-11-g7821555f0a (webtiles) character file.

Game seed: 3380233917097227932

1406 Okkudo the Cleaver (level 8, -5/64 HPs)
             Began as a Hill Orc Monk on Dec 1, 2023.
             Slain by Duvessa
             ... wielding a +0 rapier
              (11 damage)
             ... on level 6 of the Dungeon.
             The game lasted 00:16:53 (5047 turns).

Okkudo the Cleaver (Hill Orc Monk)                  Turns: 5047, Time: 00:16:53

Health: -5/64      AC: 12    Str: 16    XL:     8   Next: 70%
Magic:  8/8        EV: 10    Int: 10    God:
Gold:   280        SH:  0    Dex: 13    Spells: 7/7 levels left

rFire   . . .        a - +0 hand axe
rCold   . . .        d - orb {light}
rNeg    + . .        i - +0 plate armour
rPois   .            (no helmet)
rElec   .            (no cloak)
rCorr   .            (no gloves)
SInv    .            (no boots)
Will    .....        (no amulet) Stlth
                     q - +5 ring of evasion
HPRegen 0.30/turn    p - ring of positive energy
MPRegen 0.11/turn

%: no passive effects
@: confused, ambrosia-drunk, glowing
A: no striking features
a: no special abilities


You were on level 6 of the Dungeon.
You visited 1 branch of the dungeon, and saw 6 of its levels.
You also visited: Sewer.

You collected 280 gold pieces.

Inventory:

Hand Weapons
 a - a +0 hand axe (weapon)
 s - the +9 spear of Compound Interest {heavy, rElec rPois Dex+5 Stlth-}
   (You took it off a goblin on level 3 of the Dungeon)

   Dex:       It affects your dexterity (+5).
   rElec:     It insulates you from electricity.
   rPois:     It protects you from poison.
   Stlth:     It makes you less stealthy.
 C - a +0 glaive
Missiles
 B - a throwing net (quivered)
Armour
 d - an orb of light (worn)
 i - a +0 plate armour (worn)
Jewellery
 p - a ring of positive energy (right hand)
 q - a +5 ring of evasion (left hand)
 y - an amulet of faith
Wands
 n - a wand of mindburst (15)
Scrolls
 b - 3 scrolls of blinking {unknown}
 e - a scroll of fog {unknown}
 g - a scroll of fear {unknown}
 l - a scroll of enchant weapon {unknown}
 m - 3 scrolls of teleportation {unknown}
 o - a scroll of noise {unknown}
 r - 5 scrolls of identify {unknown}
 w - a scroll of silence {unknown}
Potions
 f - 2 potions of mutation {unknown}
 h - 5 potions of curing {unknown}
 j - a potion of cancellation {unknown}
 k - 2 potions of might {unknown}
 t - 2 potions of invisibility {unknown}
 u - a potion of haste {unknown}
 v - a potion of resistance {unknown}
 x - a potion of lignification {unknown}
 z - a potion of attraction {unknown}
 A - 2 potions of brilliance {unknown}


   Skills:
 - Level 3.6 Fighting
 * Level 12.1 Axes
 + Level 5.9 Armour
 - Level 2.4 Dodging


You had 7 spell levels left.
You didn't know any spells.
Your spell library contained the following spells:

 Spells                   Type           Power      Damage    Failure   Level
 Cigotuvi's Dreadful Rot  Necr/Pois/Air  0%         N/A       100%        2
 Scorch                   Fire           0%         2d5       100%        2
 Ignite Poison            Fire/Tmut/Pois 0%         N/A       100%        3
 Flame Wave               Conj/Fire      0%         2d4       100%        4
 Freezing Cloud           Conj/Ice/Air   0%         6-21      100%        5
 Summon Cactus Giant      Summ           0%         N/A       100%        6


Dungeon Overview and Level Annotations

Branches:
Dungeon (6/15)              Sewer (visited)
 Temple: D:4-7

Altars:
Dithmenos
Elyvilon
Gozag
Ru

Shops:
D:5 !

Annotations:
D:6 Duvessa


Message History

You hit Dowan.
Dowan is almost dead.
You hit Duvessa. You hit Dowan but do no damage.
Dowan is almost dead.
You hit Duvessa. Duvessa completely misses you.
Dowan hits you but does no damage.
You slash Dowan!
You kill Dowan!
Duvessa weeps, and shakes her weapon.
Duvessa goes berserk!
You hit Duvessa. Duvessa hits you with a +0 rapier!
Duvessa hits you with a +0 rapier.
Things that are here:
a +0 dagger; a +0 robe of willpower You hit Duvessa but do no damage.
Duvessa is moderately wounded.
Duvessa hits you but does no damage.
You hit Duvessa.
Duvessa is moderately wounded.
Duvessa hits you but does no damage.
You hit Duvessa but do no damage.
Duvessa is moderately wounded.
Duvessa hits you but does no damage.
You slash Duvessa!
Duvessa is heavily wounded.
Duvessa hits you with a +0 rapier.
You hit Duvessa.
Duvessa is severely wounded.
Duvessa hits you with a +0 rapier!
You hit Duvessa.
Duvessa is severely wounded.
Duvessa hits you with a +0 rapier!
* * * LOW HITPOINT WARNING * * *
You hit Duvessa.
Duvessa is severely wounded.
Duvessa hits you with a +0 rapier!
* * * LOW HITPOINT WARNING * * *
You are confused.
You feel invigorated. Duvessa hits you with a +0 rapier!
You die...

#......## #....... ##....#.#
#.......# #.....#.# #
#.......######.### ...######
#.#......>#... .. ........#
#.#..##.#.#.##.#.###...####.<
#.#..#......@....... ###
#.......#.#e#.##.###
###..####.#.#.#
#######.......#....e.#
........#########$####
.##.###.## ... ..#.# #..#
.##. #.#.####.### .. #
....##.....#


You could see Duvessa (berserk).

Vanquished Creatures
  Eustachio (D:4)
  A water moccasin (D:6)
  3 phantoms
  2 bullfrogs (Sewer)
  2 scorpions
  Dowan (D:6)
  A vampire bat (D:3)
  2 hounds
  An iguana (D:5)
  5 sleepcaps
  An orc wizard (D:4)
  4 gnolls (D:3)
  8 adders
  2 ufetubi (D:5)
  A worm (D:2)
  2 dart slugs
  3 fire bats (D:3)
  6 orcs
  2 spectral bats (D:3)
  12 ball pythons
  18 bats
  3 bat skeletons (D:3)
  A bat zombie (D:3)
  13 endoplasms
  11 giant cockroaches
  3 hobgoblins
  11 jackals
  10 kobolds
  11 quokkas
  A bat simulacrum (D:3)
  9 frilled lizards
  8 goblins
  10 rats
169 creatures vanquished.

Notes
Turn   | Place    | Note
-------+----------+-------------------------------------------
     0 | D:1      | Okkudo the Hill Orc Monk began the quest for the Orb.
     0 | D:1      | Reached XP level 1. HP: 19/19 MP: 1/1
    69 | D:1      | Reached XP level 2. HP: 22/26 MP: 2/2
   220 | D:1      | Reached skill level 5 in Axes
   410 | D:1      | Reached XP level 3. HP: 31/31 MP: 3/3
   572 | D:1      | Found a faded altar of an unknown god.
   781 | D:2      | Reached skill level 6 in Axes
   963 | D:2      | Reached XP level 4. HP: 36/39 MP: 4/4
  1553 | D:3      | Found a sacrificial altar of Ru.
  1573 | D:3      | Found a shadowy altar of Dithmenos.
  1630 | D:3      | Found a glowing drain.
  1643 | Sewer    | Entered a sewer
  1652 | Sewer    | Reached skill level 7 in Axes
  1766 | Sewer    | Reached skill level 1 in Armour
  1769 | Sewer    | Reached XP level 5. HP: 41/45 MP: 5/5
  2039 | Sewer    | Reached skill level 8 in Axes
  2039 | Sewer    | Reached XP level 6. HP: 43/51 MP: 6/6
  2246 | D:3      | Identified the +9 spear of Compound Interest {heavy, rElec
                  | rPois Dex+5 Stlth-}
  2457 | D:3      | Reached skill level 9 in Axes
  2457 | D:3      | Reached XP level 7. HP: 57/57 MP: 7/7
  2673 | D:4      | Found a white marble altar of Elyvilon.
  3143 | D:4      | Found an opulent altar of Gozag.
  3170 | D:4      | Noticed Eustachio
  3243 | D:4      | HP: 2/57 [Eustachio/+0 rapier of speed (5)]
  3244 | D:4      | Killed Eustachio
  3245 | D:4      | Reached skill level 10 in Axes
  3762 | D:5      | Entered Level 5 of the Dungeon
  3882 | D:6      | Reached XP level 8. HP: 9/64 MP: 8/8
  3887 | D:6      | HP: 3/64 [poisoned by a water moccasin]
  4015 | D:5      | Reached skill level 11 in Axes
  4015 | D:5      | Reached skill level 5 in Armour
  4038 | D:5      | Found Musaic's Distillery.
  4878 | D:6      | Reached skill level 12 in Axes
  5021 | D:6      | Noticed Dowan
  5027 | D:6      | Noticed Duvessa
  5038 | D:6      | Killed Dowan
  5046 | D:6      | HP: 1/64 [Duvessa/+0 rapier (14)]
  5047 | D:6      | Slain by Duvessa

Illustrated notes

Levels and vault maps discovered:
D:1:      ncdulo_smallfort, layout_rooms, shapermc_ecumenical_altar_notcrosses,
          hangedman_decor_clover_reticule, nrook_loot_triangle
D:2:      layout_rooms
D:3:      layout_basic, mainiacjoe_overflow_catwalk,
          nicolae_ru_sacrificial_ziggurat, cheibrodos_sewer_entry_sluice,
          goddamned_bats
D:4:      layout_rooms, mainiacjoe_overflow_tiny_flanked,
          mainiacjoe_overflow_small_starburst, kennysheep_cross_bottleneck,
          chequers_serial_rivers_large_a, minmay_pentomino_pile, uniq_eustachio
D:5:      layout_basic, serial_shops, nicolae_shop_industrial_runoff
D:6:      layout_loops_cross, kennysheep_mini_moat,
          minmay_temple_entry_nine_rooms, uniq_menkaure, uniq_duvessa

Skill      XL: |  1  2  3  4  5  6  7  8 |
---------------+-------------------------+-----
Axes           | 5 6 7 8 9 10 12 | 12.1
Armour         | 1 2 3 4 5 |  5.9
Fighting       | |  3.6
Dodging        | |  2.4

Action                     |  1- 3 |  4- 6 |  7- 9 || total
---------------------------+-------+-------+-------++-------
  Melee: Hand axe          |   102 |   241 |   306 ||   649
    Use: Potion            |       |       |     4 ||     4
 Armour: Robe              |    28 |     5 |       ||    33
         Plate armour      |       |   173 |   168 ||   341
  Dodge: Dodged            |    78 |   123 |   135 ||   336
